 Dungeon Crawl Stone Soup version 0.28.0-53-g5a82cb258f (webtiles) character file.

Game seed: 10247013089788738513

530 HatHat the Slasher (level 7, -4/61 HPs)
             Began as a Hill Orc Berserker on May 25, 2022.
             Was a Priest of Trog.
             Slain by an ogre
             ... wielding a +0 giant club
              (8 damage)
             ... on level 5 of the Dungeon on May 26, 2022.
             The game lasted 00:21:51 (3366 turns).

HatHat the Slasher (Hill Orc Berserker)             Turns: 3366, Time: 00:21:51

Health: -4/61      AC: 13    Str: 22    XL:     7   Next: 24%
Magic:  7/7        EV:  7    Int:  7    God:    Trog [***...]
Gold:   316        SH:  0    Dex: 10    Spells: 6/6 levels left

rFire   . . .      SeeInvis +   a - +1 falchion
rCold   . . .      Faith    .   (no shield)
rNeg    . . .      Spirit   .   h - +0 plate armour
rPois   .          Reflect  .   c - +2 hat
rElec   .          Harm     .   (no cloak)
rCorr   .          Rampage  .   (no gloves)
Will    .....                   (no boots)
Stlth   ..........              i - amulet of regeneration
HPRegen 1.00/turn               e - ring of see invisible
MPRegen 0.10/turn               (no ring)

@: no status effects
A: no striking features
a: Renounce Religion, Berserk, Trog's Hand


You were on level 5 of the Dungeon.
You worshipped Trog.
Trog was most pleased with you.
You visited 1 branch of the dungeon, and saw 6 of its levels.

You collected 316 gold pieces.

Inventory:

Hand Weapons
 a - a +1 falchion (weapon)
 f - a +0 halberd
Missiles
 g - a throwing net
 j - 4 javelins (quivered)
Armour
 c - a +2 hat (worn)
 h - a +0 plate armour (worn)
Jewellery
 b - a ring of protection from cold
 e - a ring of see invisible (left hand)
 i - an amulet of regeneration (around neck)
Wands
 l - a wand of iceblast (5)
Scrolls
 d - a scroll of teleportation
 m - a scroll of identify
Potions
 k - a potion of flight


   Skills:
 + Level 5.5 Fighting
 + Level 6.9 Long Blades
 + Level 4.0 Armour
 + Level 2.0 Dodging


You had 6 spell levels left.
You didn't know any spells.
Your spell library was empty.

Dungeon Overview and Level Annotations

Branches:
Dungeon (6/15)
 Temple: D:4-7

Altars:
Vehumet
The Shining One

Shops:
D:2 [


Message History

The ogre hits you with a +0 giant club!
The gnoll hits you from afar with a +0 spear.
The gnoll misses you.
You slash the ogre!
The ogre is heavily wounded.
The gnoll closely misses you. The ogre hits you with a +0 giant club!
The gnoll hits you but does no damage. The gnoll barely misses you.
You hit the ogre.
The ogre is heavily wounded.
The gnoll hits you but does no damage. The ogre barely misses you.
You barely miss the ogre.
The ogre is heavily wounded.
The gnoll hits you but does no damage. x2
You hit the ogre.
The ogre is severely wounded.
The ogre barely misses you. The gnoll hits you with a +0 flail!
The gnoll hits you from afar with a +0 spear.
The gnoll hits you but does no damage.
You hit the ogre.
The ogre is severely wounded.
The gnoll hits you but does no damage. The ogre barely misses you.
The gnoll hits you from afar with a +0 spear.
The gnoll hits you with a +0 club.
You hit the ogre.
The ogre is almost dead.
The gnoll hits you with a +0 flail!
* * * LOW HITPOINT WARNING * * *
The gnoll hits you from afar with a +0 spear.
* * * LOW HITPOINT WARNING * * *
You barely miss the ogre.
The ogre is almost dead.
The ogre barely misses you. The gnoll hits you with a +0 club.
* * * LOW HITPOINT WARNING * * *
The gnoll closely misses you. The gnoll barely misses you.
You hit the ogre but do no damage.
The ogre is almost dead.
The gnoll hits you with a +0 club.
* * * LOW HITPOINT WARNING * * *
The ogre hits you with a +0 giant club!
You die...

####### ### #.....#
#.# #.....#
###.########.....#
................g#
..............gg@#
..............WO#####
..............ZgY...#
....................#
....................#
....................#
.........>..........#
................#####
................#


You could see a phantom, an ogre, 4 gnolls and a water moccasin skeleton.

Vanquished Creatures
  A yak (D:4)
  A scorpion (D:4)
  A hound (D:4)
  An iguana (D:3)
  9 adders
  11 gnolls (D:4)
  An adder skeleton (D:4)
  A worm (D:3)
  A dart slug (D:3)
  2 orcs (D:3)
  6 ball pythons
  11 endoplasms
  A giant cockroach (D:1)
  5 goblins
  8 hobgoblins
  10 jackals
  3 quokkas
  6 bats
  9 kobolds
  3 rats (D:1)
91 creatures vanquished.

Vanquished Creatures (others)
  3 withered plants (D:1)
3 creatures vanquished.

Grand Total: 94 creatures vanquished

Notes
Turn   | Place    | Note
-------+----------+-------------------------------------------
     0 | D:1      | HatHat the Hill Orc Berserker began the quest for the Orb.
     0 | D:1      | Reached XP level 1. HP: 19/19 MP: 1/1
   426 | D:1      | Reached XP level 2. HP: 21/27 MP: 2/2
   812 | D:1      | Found a faded altar of an unknown god.
   879 | D:1      | Reached XP level 3. HP: 33/33 MP: 3/3
  1069 | D:2      | Reached ** piety under Trog
  1098 | D:2      | Found Mameff's Armour Shop.
  1395 | D:2      | Reached skill level 4 in Long Blades
  1614 | D:2      | Reached XP level 4. HP: 41/41 MP: 4/4
  2207 | D:3      | Reached skill level 5 in Long Blades
  2207 | D:3      | Reached XP level 5. HP: 44/47 MP: 5/5
  2477 | D:3      | Found a radiant altar of Vehumet.
  2629 | D:3      | Found a glowing golden altar of the Shining One.
  2790 | D:4      | Reached *** piety under Trog
  2889 | D:4      | Reached XP level 6. HP: 42/55 MP: 6/6
  2896 | D:4      | Reached skill level 6 in Long Blades
  2903 | D:4      | Reached skill level 5 in Fighting
  2937 | D:4      | Noticed a yak
  2937 | D:4      | Noticed a yak
  2937 | D:4      | Noticed a yak
  3124 | D:4      | Found a transporter.
  3149 | D:4      | Found a transporter.
  3181 | D:4      | Killed a yak
  3182 | D:4      | Reached XP level 7. HP: 34/61 MP: 7/7
  3282 | D:5      | Entered Level 5 of the Dungeon
  3366 | D:5      | Slain by an ogre

Illustrated notes

Levels and vault maps discovered:
D:1:      minmay_arrival_solitary_statue, layout_loops_ring,
          ebering_ecumenical_altar_petrified
D:2:      layout_basic, serial_shops, shop
D:3:      layout_loops_ring, tso_oasis_becter, amcnicky_altar_gilded,
          minivault_19
D:4:      gammafunk_wand_slinger, layout_cave_pools, serial_shops,
          nicolae_shop_crystal, kennysheep_small_circle
D:5:      layout_basic, makhleb_heckhound_becter, trog_butcher_becter,
          temple_doors_e
D:6:      layout_layer_cave, overflow_temple_1_default

Skill      XL: |  1  2  3  4  5  6 |
---------------+-------------------+-----
Fighting       | 4 5 |  5.5
Long Blades    | 4 5 6 |  6.9
Dodging        | 2 |  2.0
Armour         | 3 4 |  4.0

Action                   |  1- 3 |  4- 6 |  7- 9 || total
-------------------------+-------+-------+-------++-------
Melee: Falchion          |   110 |   236 |    19 ||   365
       Punch             |     1 |     4 |       ||     5
  Use: Scroll            |     3 |     2 |     1 ||     6
       Potion            |     3 |     2 |       ||     5
Armor: Animal skin       |     1 |       |       ||     1
       Ring mail         |    34 |    17 |       ||    51
       Plate armour      |       |   150 |    21 ||   171
Dodge: Dodged            |    68 |    95 |    20 ||   183
